 Dungeon Crawl Stone Soup version 0.26.1-11-gd32895ea62 (webtiles) character file.

Game seed: 17302990274981635935

749 Zeld the Chucker (level 7, -4/70 HPs)
             Began as an Octopode Fighter on May 10, 2021.
             Slain by an elf zombie (7 damage)
             ... in an ossuary.
             The game lasted 00:05:58 (6580 turns).

Zeld the Chucker (Octopode Fighter)                 Turns: 6580, Time: 00:05:59

Health: -4/70      AC:  1    Str: 17    XL:     7   Next: 77%
Magic:  12/13      EV: 12    Int: 10    God:
Gold:   121        SH:  9    Dex: 12    Spells: 14/14 levels left

rFire    . . .     SeeInvis .   a - +0 war axe
rCold    . . .     Faith    .   p - +0 kite shield
rNeg     . . .     Spirit   .   (helmet restricted)
rPois    .         Reflect  .   (no amulet)
rElec    .         Harm     .   (no ring)
rCorr    .         Rampage  .   (no ring)
Will     .....                  (no ring)
Stlth    ..........             (no ring)
HPRegen  0.21/turn              (no ring)
MPRegen  0.13/turn              (no ring)
                                (no ring)
                                (no ring)

@: berserking (expiring), very quick
A: almost no armour, stealthy swim, amphibious, 8 rings, constrict 8, camouflage
1, gelatinous body 1
a: no special abilities


You were in an ossuary.
You visited 1 branch of the dungeon, and saw 4 of its levels.
You also visited: Ossuary.

You collected 121 gold pieces.

Inventory:

Hand Weapons
 a - a +0 war axe (weapon)
Missiles
 m - 3 boomerangs
 s - 10 poisoned darts (quivered)
Armour
 p - a +0 kite shield (worn)
Jewellery
 g - an uncursed ring of protection from cold {unknown}
 o - a +6 ring of intelligence {unknown}
Scrolls
 b - 3 scrolls of amnesia {unknown}
 d - 2 scrolls of remove curse {unknown}
 e - 2 scrolls of identify {unknown}
 f - 3 scrolls of teleportation {unknown}
 i - a scroll of enchant armour {unknown}
 k - a scroll of immolation {unknown}
 q - a scroll of blinking {unknown}
Potions
 h - a potion of heal wounds {unknown}
 j - a potion of berserk rage
 l - a potion of degeneration {unknown}
 n - 2 potions of brilliance {unknown}
 r - a potion of resistance {unknown}


   Skills:
 - Level 3.8 Fighting
 - Level 3.1 Axes
 + Level 5.2 Throwing
 - Level 3.0 Dodging
 - Level 3.8 Shields
 * Level 4.0 Spellcasting


You had 14 spell levels left.
You didn't know any spells.
Your spell library contained the following spells:

 Spells                   Type           Power        Failure   Level
 Summon Small Mammal      Summ           8%           71%         1
 Call Imp                 Summ           2%           85%         2
 Call Canine Familiar     Summ           2%           97%         3
 Summon Guardian Golem    Hex/Summ       2%           97%         3
 Summon Ice Beast         Ice/Summ       2%           100%        4
 Summon Lightning Spire   Summ/Air       2%           100%        4


Dungeon Overview and Level Annotations

Branches:
Dungeon (4/15)            Ossuary (1/1)
 Temple: D:4-7

Altars:


Innate Abilities, Weirdness & Mutations

You cannot wear most types of armour.
You are very stealthy in the water. (Stealth+)
You are amphibious.
You can wear up to eight rings at the same time.
You can use your tentacles to constrict eight enemies at once.
Your skin changes colour to match your surroundings (Stealth+).
Your rubbery body absorbs attacks. (AC +1, EV +1)


Message History

You hit the human zombie.
The human zombie is severely damaged.
You barely miss the mummy. You barely miss the elf zombie.
You constrict the human zombie. The elf zombie hits you.
* * * LOW HITPOINT WARNING * * *
The human zombie hits you.
* * * LOW HITPOINT WARNING * * *
You slash the human zombie!
You destroy the human zombie!
You barely miss the elf zombie. You barely miss the mummy.
You block the elf zombie's attack. The mummy misses you.
Your Spellcasting skill increases to level 4!
Unknown command.
You closely miss the elf zombie. You grab the elf zombie.
You squeeze the elf zombie!
The elf zombie is heavily damaged.
You closely miss the kobold zombie. You slash the mummy!
You constrict the elf zombie. The kobold zombie closely misses you.
The elf zombie hits you!
You die...

####################
#.........∩∩....Z...
#...MZ..............
#..@##############..
#.ZZ# #.. #..Z# #..
#...####+.... #..
#...#.....∩.# #..
#...#.....M.# #..
#...#.......# #Z.
#...# ......### #Z.
#...# ...... #..


You could see a mummy, a rat zombie, a hobgoblin zombie, a kobold zombie and an
elf zombie.

Vanquished Creatures
  Sigmund (D:3)
  An elf zombie (Ossuary)
  2 centaur zombies (Ossuary)
  3 human zombies (Ossuary)
  A bullfrog skeleton (D:4)
  Natasha (thrice) (D:2)
  A worker ant (D:4)
  Robin (D:2)
  7 adders
  An ooze (D:4)
  An adder zombie (Ossuary)
  3 worms
  3 dart slugs
  4 leopard geckos
  9 orcs
  14 bats
  6 giant cockroaches
  17 goblins
  14 hobgoblins
  A jackal (D:1)
  11 kobolds
  3 ball pythons
  5 frilled lizards
  9 hobgoblin zombies (Ossuary)
  2 jackal zombies (Ossuary)
  7 kobold zombies (Ossuary)
  8 orc zombies (Ossuary)
  12 rats
150 creatures vanquished.

Vanquished Creatures (others)
  7 plants
7 creatures vanquished.

Grand Total: 157 creatures vanquished

Notes
Turn   | Place    | Note
-------+----------+-------------------------------------------
     0 | D:1      | Zeld the Octopode Fighter began the quest for the Orb.
     0 | D:1      | Reached XP level 1. HP: 16/16 MP: 1/1
    82 | D:1      | Reached XP level 2. HP: 10/21 MP: 2/2
   626 | D:1      | Reached XP level 3. HP: 26/26 MP: 3/3
  1525 | D:2      | Noticed Robin
  1529 | D:2      | Killed Robin
  1530 | D:2      | Reached XP level 4. HP: 22/33 MP: 4/4
  1979 | D:2      | Noticed Natasha
  2292 | D:2      | Reached skill level 1 in Throwing
  2587 | D:2      | Found a faded altar of an unknown god.
  2597 | D:2      | Reached XP level 5. HP: 24/37 MP: 5/5
  3204 | D:2      | Found a faded altar of an unknown god.
  3297 | D:2      | Killed Natasha
  3298 | D:2      | Reached skill level 2 in Throwing
  3385 | D:2      | Noticed Natasha
  3389 | D:2      | Killed Natasha
  3742 | D:2      | Noticed Natasha
  3743 | D:2      | Found a faded altar of an unknown god.
  3749 | D:2      | Killed Natasha
  3750 | D:2      | Reached skill level 3 in Throwing
  4667 | D:3      | Reached XP level 6. HP: 43/43 MP: 6/6
  4689 | D:3      | Noticed Sigmund
  5096 | D:3      | Reached skill level 4 in Throwing
  5586 | D:3      | Killed Sigmund
  5587 | D:3      | Reached XP level 7. HP: 33/47 MP: 6/10
  5831 | D:4      | Found a sand-covered staircase.
  5836 | Ossuary  | Entered an ossuary
  6501 | Ossuary  | Reached skill level 5 in Throwing
  6578 | Ossuary  | HP: 2/70 [human zombie (5)]
  6580 | Ossuary  | Slain by an elf zombie

Illustrated notes

Levels and vault maps discovered:
D:1:      lemuel_arrival_muddy, layout_basic, corner_web_ring, st_stairs_11
D:2:      layout_loops_cross, chequers_ecumenical_altar_lobes, uniq_robin,
          uniq_natasha
D:3:      corexii_shack_village, layout_rooms, grunt_ministairs_14,
          dk_noncrumbling_3, uniq_sigmund
D:4:      layout_basic, enter_ossuary_2, serial_shops, nicolae_shop_crystal,
          minmay_cupped
Ossuary:  ossuary_tomb_1

Skill      XL: |  1  2  3  4  5  6  7 |
---------------+----------------------+-----
Axes           | 3 |  3.1
Throwing       | 1 3 4 5 |  5.2
Spellcasting   | 2 4 |  4.0
Fighting       | |  3.8
Dodging        | |  3.0
Shields        | |  3.8

Action                   |  1- 3 |  4- 6 |  7- 9 || total
-------------------------+-------+-------+-------++-------
Melee: War axe           |    66 |   134 |    75 ||   275
       Constrict         |    21 |    35 |    21 ||    77
       Tentacles         |     3 |    22 |    11 ||    36
Throw: Boomerang         |       |     2 |     1 ||     3
       Dart              |       |     5 |       ||     5
  Use: Potion            |       |     1 |     1 ||     2
 Stab: Sleeping          |     9 |     9 |     4 ||    22
Armor: Skin              |     9 |    23 |     5 ||    37
Dodge: Dodged            |    46 |   134 |    39 ||   219
Block: Kite shield       |    23 |     6 |    34 ||    63
